[Event "Titled Tuesday Blitz April 05 Early 2022"]
[White "Dovbnia, Nikita"]
[Black "Zanette, Edgard Vinicius"]
[WhiteFideId "54104599"]
[BlackFideId "2109263"]
[WhiteElo "2111"]
[BlackElo "2182"]
[Result "0-1"]
[Round "04"]
[TimeControl "180+1"]
[Date "2022.04.05"]
[WhiteClock "0:02:18"]
[BlackClock "0:02:18"]

1. Nf3 Nf6 2. b3 c5 3. Bb2 e6 4. e3 Be7 5. g3 b6 6. Bg2 Bb7 7. O-O O-O 8. c4 d6 9. Nc3 Nbd7 10. d4 Ne4 11. Qc2 Nxc3 12. Qxc3 Bf6 13. Rfe1 e5 14. d5 e4 15. Qc2 Bxb2 16. Qxb2 exf3 17. Bxf3 Qf6 18. Qc2 Qxf3 0-1


[Site "https://www.chess.com"]

[Event "Titled Tuesday Blitz April 05 Early 2022"]
[White "Ferreira, Vitor Hugo Vieira"]
[Black "Srebrnic, Marko"]
[WhiteFideId "2119765"]
[BlackFideId "14603616"]
[WhiteElo "2165"]
[BlackElo "2340"]
[Result "0-1"]
[Round "04"]
[TimeControl "180+1"]
[Date "2022.04.05"]
[WhiteClock "0:00:59"]
[BlackClock "0:00:48"]

1. Nf3 Nf6 2. g4 Nxg4 3. e4 d6 4. d4 e5 5. h3 Nf6 6. Nc3 exd4 7. Qxd4 Nc6 8. Bb5 Bd7 9. Bxc6 bxc6 10. Bg5 Be7 11. O-O-O O-O 12. Bxf6 Bxf6 13. e5 Bg5+ 14. Nxg5 Qxg5+ 15. f4 Qh6 16. exd6 cxd6 17. Qxd6 Qxd6 18. Rxd6 Bc8 19. h4 Rb8 20. Re1 Rb4 21. Re4 Rxe4 22. Nxe4 Re8 23. Nc5 h5 24. Rxc6 Bg4 25. Rc7 Re1+ 26. Kd2 Rh1 27. Rxa7 Rxh4 28. b4 Rh1 29. b5 Rb1 30. Nb3 h4 31. b6 Bf3 32. Nd4 Be4 33. Ra3 Rxb6 34. Rh3 Rh6 35. Ne2 f6 36. a4 g5 37. fxg5 fxg5 38. Ke3 Bxc2 39. Nd4 Bxa4 40. Kf3 Bd7 41. Rh1 Rf6+ 42. Ke4 Kg7 43. Ke5 Kg6 44. Ra1 h3 45. Ra7 h2 46. Ra1 g4 47. Ne2 Re6+ 48. Kf4 Rxe2 49. Rh1 Bc6 0-1


[Site "https://www.chess.com"]

[Event "Titled Tuesday Blitz April 05 Early 2022"]
[White "Fikiet, Alex"]
[Black "Mokshanov, Alexey"]
[WhiteFideId "2052717"]
[BlackFideId "24121657"]
[WhiteElo "2439"]
[BlackElo "2141"]
[Result "0-1"]
[Round "04"]
[TimeControl "180+1"]
[Date "2022.04.05"]
[WhiteClock "0:00:31"]
[BlackClock "0:02:04"]

1. e4 e6 2. d4 d5 3. e5 c5 4. c3 Nc6 5. Nf3 Qb6 6. a3 c4 7. Nbd2 Na5 8. h4 Bd7 9. g3 Ne7 10. Bh3 Qc7 11. O-O Nc8 12. Ne1 Nb6 13. h5 O-O-O 14. f4 g6 15. Kh2 Kb8 16. g4 Be7 17. f5 exf5 18. gxf5 Bxf5 19. Bxf5 gxf5 20. Rb1 f6 21. Ndf3 fxe5 22. Nxe5 Nc6 23. Bf4 Nxe5 24. dxe5 d4 25. cxd4 Nd5 26. Qf3 Rhg8 27. Ng2 Rg4 28. Rbd1 Rdg8 29. Qxd5 Rxg2+ 30. Qxg2 Rxg2+ 31. Kxg2 Qb6 32. Rd2 Qe6 33. d5 Qg8+ 34. Kh2 Qg4 35. Rg2 Qh4+ 36. Kg1 Bc5+ 37. Rff2 Qxf4 0-1


[Site "https://www.chess.com"]

[Event "Titled Tuesday Blitz April 05 Early 2022"]
[White "Gabdrakhmanov, Azat"]
[Black "Roberson, Peter T"]
[WhiteFideId "34189197"]
[BlackFideId "412384"]
[WhiteElo "2279"]
[BlackElo "2346"]
[Result "0-1"]
[Round "04"]
[TimeControl "180+1"]
[Date "2022.04.05"]
[WhiteClock "0:00:20"]
[BlackClock "0:00:47"]

1. e4 c5 2. Nf3 a6 3. c4 e6 4. Nc3 b6 5. d4 cxd4 6. Nxd4 Bb7 7. Bd3 Nc6 8. Nxc6 Bxc6 9. O-O Qc7 10. Re1 d6 11. Nd5 Qb7 12. Be3 exd5 13. exd5 Bd7 14. Bxb6+ Be7 15. Bd4 Kf8 16. b4 Bf6 17. Bxf6 Nxf6 18. Rb1 g6 19. Qf3 Kg7 20. Qg3 Qb8 21. Qf4 Re8 22. Red1 Re5 23. h3 Qa7 24. Kh1 Rae8 25. Rbc1 Bf5 26. Rc2 Bxd3 27. Rxd3 Rf5 28. Qd4 Qxd4 29. Rxd4 Rc8 30. Rcd2 Re5 31. Kh2 Re4 32. f3 Rxd4 33. Rxd4 Nd7 34. f4 Nb6 35. c5 dxc5 36. bxc5 Rxc5 37. d6 Nd7 38. Rb4 Rc6 39. Kg3 Rxd6 40. Kf3 Rd3+ 41. Ke2 Rg3 42. Kf2 Ra3 43. Rb2 Nf6 44. Re2 Nd5 45. g3 Nc3 46. Re7 Nxa2 47. g4 Nb4 48. Ra7 a5 49. h4 h6 50. Ra6 Nxa6 0-1


[Site "https://www.chess.com"]

[Event "Titled Tuesday Blitz April 05 Early 2022"]
[White "Gatterer, Florian"]
[Black "Hnydiuk, Aleksander"]
[WhiteFideId "811688"]
[BlackFideId "1109057"]
[WhiteElo "2218"]
[BlackElo "2374"]
[Result "1/2-1/2"]
[Round "04"]
[TimeControl "180+1"]
[Date "2022.04.05"]
[WhiteClock "0:02:40"]
[BlackClock "0:02:28"]

1. Nf3 Nf6 2. c4 e6 3. Nc3 d5 4. e3 c5 5. cxd5 Nxd5 6. Nxd5 Qxd5 7. b3 Be7 8. Bb2 O-O 9. Bc4 Qd8 10. Qe2 Nc6 11. O-O b6 12. d4 Bb7 13. Rfd1 1/2-1/2


[Site "https://www.chess.com"]

[Event "Titled Tuesday Blitz April 05 Early 2022"]
[White "Girinath, P.D.S."]
[Black "Molina, Roberto Junio Brito"]
[WhiteFideId "5000572"]
[BlackFideId "2109450"]
[WhiteElo "2369"]
[BlackElo "2432"]
[Result "0-1"]
[Round "04"]
[TimeControl "180+1"]
[Date "2022.04.05"]
[WhiteClock "0:00:02"]
[BlackClock "0:00:05"]

1. e4 c6 2. d3 d5 3. Nd2 g6 4. Ngf3 Bg7 5. g3 e5 6. Bg2 Ne7 7. O-O O-O 8. Re1 d4 9. b4 a5 10. bxa5 Qxa5 11. Nc4 Qc7 12. c3 b5 13. Na3 dxc3 14. Qb3 Qa5 15. Nc2 Be6 16. Qb1 h6 17. Ba3 Qc7 18. Bb4 Rd8 19. Ne3 c5 20. Bxc3 b4 21. Bb2 Nbc6 22. Rc1 Qa7 23. Nc4 f6 24. Qc2 Rac8 25. Qe2 g5 26. h4 Na5 27. Nxa5 Qxa5 28. hxg5 hxg5 29. Nd2 Nc6 30. Nc4 Qc7 31. Bf3 Nd4 32. Bxd4 Rxd4 33. Bg4 Bxg4 34. Qxg4 Rxd3 35. Nb6 Rcd8 36. Nd5 Qd6 37. Rc4 Rd4 38. Rac1 Rxc4 39. Rxc4 Kf7 40. Qh5+ Kf8 41. Qe2 Ra8 42. Qc2 Ra5 43. Kg2 f5 44. Qe2 fxe4 45. Qxe4 Rxa2 46. Qf5+ Kg8 47. Ne3 Ra7 48. Rg4 Qf6 49. Qc8+ Qf8 50. Qe6+ Qf7 51. Qc8+ Qf8 52. Qe6+ Qf7 53. Qd6 Qe7 54. Qg6 Qf6 55. Qe8+ Qf8 56. Qg6 Qf6 57. Qe8+ Qf8 58. Qh5 Bf6 59. Nf5 Rh7 60. Qg6+ Kh8 61. Rc4 Qf7 0-1


[Site "https://www.chess.com"]

[Event "Titled Tuesday Blitz April 05 Early 2022"]
[White "Godzwon, Iwo"]
[Black "Yordanov, Nikolay Plamenov"]
[WhiteFideId "21802483"]
[BlackFideId "2907445"]
[WhiteElo "2201"]
[BlackElo "2248"]
[Result "1-0"]
[Round "04"]
[TimeControl "180+1"]
[Date "2022.04.05"]
[WhiteClock "0:00:28"]
[BlackClock "0:00:21"]

1. e4 c5 2. Nf3 Nc6 3. d4 cxd4 4. Nxd4 Nf6 5. Nc3 e5 6. Ndb5 d6 7. Bg5 a6 8. Na3 b5 9. Bxf6 gxf6 10. Nd5 f5 11. g3 fxe4 12. Bg2 Bg7 13. Bxe4 Be6 14. Qh5 Rc8 15. O-O Ne7 16. Rad1 Rc5 17. Nb4 a5 18. Nd3 Rc8 19. Nxb5 d5 20. Nxe5 Qb6 21. Bd3 Ng6 22. Rfe1 O-O 23. Nf3 h6 24. c3 Rc5 25. a4 d4 26. Rxe6 fxe6 27. Qxg6 Rxf3 28. cxd4 Rg5 29. Qh7+ Kf8 30. Be4 Qb8 31. Bxf3 Qd8 32. Qe4 Qf6 33. Kg2 Rf5 34. d5 exd5 35. Rxd5 Rxd5 36. Qxd5 Ke7 37. Qb7+ Kf8 38. Qc8+ Ke7 39. Qc7+ Kf8 40. Qd6+ Qxd6 41. Nxd6 Bxb2 42. Nc4 Bc3 43. Bc6 Bb4 44. f4 Kg7 45. Kf3 Kh7 46. g4 Kg7 47. h4 Kh7 48. h5 Kg7 49. Ke4 Kh7 50. Kf5 Kg7 51. g5 hxg5 52. fxg5 Bc3 53. Ne3 Bd4 54. Nd5 Kh8 55. h6 Bb2 56. Nf6 Be5 57. g6 Bxf6 58. Kxf6 Kg8 59. Bd5+ Kh8 60. g7+ 1-0


[Site "https://www.chess.com"]

[Event "Titled Tuesday Blitz April 05 Early 2022"]
[White "Gunina, Valentina"]
[Black "Kouskoutis, Georgios-Alexandros"]
[WhiteFideId "4167570"]
[BlackFideId "4234049"]
[WhiteElo "2381"]
[BlackElo "2130"]
[Result "1-0"]
[Round "04"]
[TimeControl "180+1"]
[Date "2022.04.05"]
[WhiteClock "0:00:33"]
[BlackClock "0:00:02"]

1. d4 Nf6 2. c4 e6 3. Nf3 d5 4. Nc3 dxc4 5. e3 a6 6. Bxc4 b5 7. Be2 c5 8. O-O Bb7 9. dxc5 Qxd1 10. Rxd1 Bxc5 11. a4 b4 12. Nb1 Nbd7 13. Nbd2 Bd5 14. b3 Ke7 15. Bb2 Rhc8 16. Ne5 Nxe5 17. Bxe5 a5 18. Rac1 Ne8 19. Nc4 Bxc4 20. Rxc4 Bd6 21. Bd4 Rxc4 22. Bxc4 Rc8 23. Bb6 Bc7 24. Bd4 Bd6 25. Kf1 Bc5 26. Bb2 Nd6 27. Ba6 Ra8 28. Bd3 f6 29. Rc1 Rc8 30. Bxh7 f5 31. Bxg7 Ne4 32. g4 Nd2+ 33. Ke2 Nxb3 34. Rb1 Kf7 35. Be5 1-0


[Site "https://www.chess.com"]

[Event "Titled Tuesday Blitz April 05 Early 2022"]
[White "Hamidi, Amir Mohammad"]
[Black "Khripachenko, Alexander"]
[WhiteFideId "12563285"]
[BlackFideId "54184975"]
[WhiteElo "2273"]
[BlackElo "2193"]
[Result "1-0"]
[Round "04"]
[TimeControl "180+1"]
[Date "2022.04.05"]
[WhiteClock "0:00:08"]
[BlackClock "0:00:16"]

1. e4 c5 2. Nf3 d6 3. Bb5+ Nd7 4. c3 Nf6 5. Qe2 a6 6. Ba4 b5 7. Bc2 Bb7 8. d4 e6 9. O-O Be7 10. Re1 cxd4 11. cxd4 Rc8 12. Bd3 Qb6 13. Nbd2 O-O 14. Nf1 d5 15. e5 Ne4 16. Ng3 Bb4 17. Rd1 f5 18. exf6 Ndxf6 19. Be3 Bd6 20. Rac1 Qa5 21. a3 Rfd8 22. Nd2 Nxg3 23. hxg3 b4 24. Nb3 Qa4 25. Nc5 Bxc5 26. dxc5 bxa3 27. bxa3 Ne4 28. Qg4 Qe8 29. f3 Nf6 30. Qh4 Qf7 31. Bg5 h6 32. Bxf6 Qxf6 33. Qb4 Bc6 34. Bxa6 Rb8 35. Qa5 Qe5 36. Qe1 Qf6 37. Rb1 Ra8 38. Rb6 Bd7 39. c6 Bc8 40. Bb7 Bxb7 41. cxb7 Rab8 42. a4 Qf7 43. a5 d4 44. a6 Qc7 45. Qb4 d3 46. a7 d2 47. axb8=Q 1-0


[Site "https://www.chess.com"]

[Event "Titled Tuesday Blitz April 05 Early 2022"]
[White "Hartikainen, Jarmo"]
[Black "Buscar, Michael"]
[WhiteFideId "503134"]
[BlackFideId "2603616"]
[WhiteElo "2083"]
[BlackElo "2010"]
[Result "0-1"]
[Round "04"]
[TimeControl "180+1"]
[Date "2022.04.05"]
[WhiteClock "0:00:01"]
[BlackClock "0:00:19"]

1. e4 c5 2. c3 e6 3. d4 cxd4 4. cxd4 Nc6 5. Nf3 d6 6. Nc3 Nf6 7. Bd3 Be7 8. O-O O-O 9. Re1 Bd7 10. h3 Rc8 11. Be3 Na5 12. Qe2 a6 13. b4 Nc6 14. Qb2 d5 15. e5 Nxb4 16. exf6 Nxd3 17. fxe7 Qxe7 18. Qb3 Nxe1 19. Rxe1 Rc7 20. Bd2 Qd6 21. Ne5 Rfc8 22. Rc1 Be8 23. Ne2 f6 24. Nf3 Bf7 25. Rxc7 Qxc7 26. Bc3 b5 27. Qb4 Qd7 28. Ne1 Rc4 29. Qb3 Qc6 30. Nd3 Bh5 31. f3 Bf7 32. Nb2 e5 33. Nxc4 dxc4 34. Qb4 e4 35. Qc5 Qb7 36. Kf2 exf3 37. gxf3 Bd5 38. Ng1 h6 39. Bb4 Kh7 40. Qe7 Qa8 41. Qf8 Qc6 42. Qd6 Qb7 43. Ke3 c3 44. Bxc3 Bxa2 45. Qa3 Bb1 46. Qb4 Bf5 47. Qc5 Be6 48. Ne2 Bd5 49. Nf4 Bxf3 50. d5 Bh1 51. Bd4 b4 52. d6 Qe4+ 0-1


[Site "https://www.chess.com"]

[Event "Titled Tuesday Blitz April 05 Early 2022"]
[White "Hasangatin, Ramil"]
[Black "Devaev, Alexander"]
[WhiteFideId "4122160"]
[BlackFideId "4169395"]
[WhiteElo "2375"]
[BlackElo "2185"]
[Result "0-1"]
[Round "04"]
[TimeControl "180+1"]
[Date "2022.04.05"]
[WhiteClock "0:00:50"]
[BlackClock "0:00:27"]

1. e4 c6 2. Nf3 d5 3. d3 Bg4 4. h3 Bh5 5. Qe2 e6 6. g3 Nf6 7. Bg2 Be7 8. O-O O-O 9. Re1 Nbd7 10. Nbd2 Qb6 11. b3 e5 12. Bb2 d4 13. Qf1 Ne8 14. Nc4 Qc7 15. a4 Rb8 16. a5 b5 17. axb6 axb6 18. g4 Bg6 19. Re2 b5 20. Ncxe5 Nxe5 21. Nxe5 Qxe5 22. f4 Qc7 23. f5 c5 24. e5 Bg5 25. Bc1 Bxc1 26. Qxc1 c4 27. bxc4 bxc4 28. Qa3 cxd3 29. Qxd3 Qc5 30. Rd1 Rd8 31. Re4 Nc7 32. c4 dxc3+ 33. Rd4 Nb5 0-1


[Site "https://www.chess.com"]

[Event "Titled Tuesday Blitz April 05 Early 2022"]
[White "Hernandez Jimenez, Alexander Andres"]
[Black "Omariev, Maksim"]
[WhiteFideId "3900452"]
[BlackFideId "4193423"]
[WhiteElo "2098"]
[BlackElo "2492"]
[Result "0-1"]
[Round "04"]
[TimeControl "180+1"]
[Date "2022.04.05"]
[WhiteClock "0:00:01"]
[BlackClock "0:00:01"]

1. e4 c5 2. Nf3 d6 3. d4 cxd4 4. Nxd4 Nf6 5. Nc3 a6 6. h3 e6 7. g4 Nfd7 8. Bg2 Qc7 9. O-O b5 10. a3 Bb7 11. Be3 Ne5 12. f4 Nc4 13. Bc1 Be7 14. b3 Nxa3 15. Bxa3 Qxc3 16. Rf3 Qc7 17. Bb2 O-O 18. Qe2 Nc6 19. Rd1 Nxd4 20. Bxd4 Rfc8 21. Rf2 Bh4 22. Rff1 Qxc2 23. Qe3 Qc7 24. g5 e5 25. Ba1 Qe7 26. Qf3 exf4 27. Qxf4 Bxg5 28. Qxd6 Qxd6 29. Rxd6 Rc7 30. Rfd1 Re8 31. e5 Bxg2 32. Kxg2 h5 33. Rxa6 Rc2+ 34. Kf3 Rh2 35. Kg3 Re2 36. Rd3 g6 37. Rb6 Ra2 38. Bd4 h4+ 39. Kg4 Rg2+ 40. Kf3 Rg3+ 41. Ke2 Bf4 42. Rxb5 Rxd3 43. Kxd3 g5 44. Ke4 Kh7 45. Kf5 Rc8 46. Rb7 Kg8 47. Kf6 Rc1 48. Rb8+ Kh7 49. Bb6 g4 50. Kxf7 gxh3 0-1


[Site "https://www.chess.com"]

[Event "Titled Tuesday Blitz April 05 Early 2022"]
[White "Hirneise, Jens"]
[Black "Mika, Tomasz"]
[WhiteFideId "24614734"]
[BlackFideId "1132970"]
[WhiteElo "2359"]
[BlackElo "2116"]
[Result "1-0"]
[Round "04"]
[TimeControl "180+1"]
[Date "2022.04.05"]
[WhiteClock "0:02:04"]
[BlackClock "0:01:35"]

1. d4 d5 2. c4 e6 3. Nf3 c5 4. e3 Nc6 5. Nc3 Nf6 6. a3 cxd4 7. exd4 g6 8. c5 Ne4 9. Bb5 Bd7 10. O-O Nxc3 11. bxc3 Bg7 12. Re1 Qa5 13. a4 Qxc3 14. Bd2 Qb2 15. Rb1 Qa2 16. Re2 a6 17. Bb4 Nxb4 18. Bxd7+ Kxd7 19. Rxa2 Nxa2 20. Rxb7+ Kc8 21. Qb3 1-0


[Site "https://www.chess.com"]

[Event "Titled Tuesday Blitz April 05 Early 2022"]
[White "Hoffmann, Asa"]
[Black "Hernandez Bermudez, Ulises Eduardo"]
[WhiteFideId "2001470"]
[BlackFideId "3902510"]
[WhiteElo "2117"]
[BlackElo "2056"]
[Result "1-0"]
[Round "04"]
[TimeControl "180+1"]
[Date "2022.04.05"]
[WhiteClock "0:01:52"]
[BlackClock "0:00:38"]

1. d4 Nf6 2. Bg5 Ne4 3. Bf4 d5 4. f3 Nf6 5. e4 dxe4 6. Nc3 exf3 7. Nxf3 e6 8. Bc4 Bd6 9. Ne5 O-O 10. Qe2 c5 11. O-O-O Qc7 12. Nb5 Qb6 13. Nxd6 Qxd6 14. Ng6 Qd8 15. Nxf8 Qxf8 16. Be5 Nfd7 17. Rhf1 Qe7 18. Qg4 Nxe5 19. dxe5 Nc6 20. Qf4 a6 21. Rd6 Nd4 22. c3 Nc6 23. Rfd1 h6 24. h4 Qc7 25. g4 b5 26. Bd3 Bb7 27. Be4 Rc8 28. Rd7 1-0


[Site "https://www.chess.com"]

[Event "Titled Tuesday Blitz April 05 Early 2022"]
[White "Horak, Martin"]
[Black "Pliukha, Myhajlo"]
[WhiteFideId "367095"]
[BlackFideId "14164698"]
[WhiteElo "1997"]
[BlackElo "2229"]
[Result "0-1"]
[Round "04"]
[TimeControl "180+1"]
[Date "2022.04.05"]
[WhiteClock "0:00:10"]
[BlackClock "0:00:42"]

1. Nf3 Nf6 2. c4 e6 3. Nc3 d5 4. e3 c5 5. cxd5 Nxd5 6. Nxd5 exd5 7. d4 Nc6 8. b3 Bg4 9. Be2 Bxf3 10. Bxf3 cxd4 11. O-O Be7 12. exd4 O-O 13. Re1 Bf6 14. Be3 Qd6 15. Rc1 Rfe8 16. Rc5 Nxd4 17. Rxd5 Nxf3+ 18. Qxf3 Qc6 19. Red1 Rac8 20. g3 h6 21. Kg2 a6 22. Rd7 b5 23. h4 Re6 24. Ra7 Qxf3+ 25. Kxf3 Rc2 26. Rd2 Rxd2 27. Bxd2 Bd4 28. Rd7 Rf6+ 29. Bf4 Bb6 30. Rd6 Rxd6 31. Bxd6 f5 32. h5 Kf7 33. Be5 g5 34. hxg6+ Kxg6 35. g4 fxg4+ 36. Kxg4 Bxf2 37. Bc7 h5+ 38. Kf3 Bc5 39. Ke4 h4 40. Kf4 Kh5 41. a4 Bf2 42. Kf3 Be1 43. Ke2 Bg3 44. Bxg3 hxg3 45. axb5 axb5 46. Kf3 Kh4 47. Kg2 Kg4 48. b4 Kf4 49. Kg1 Ke4 50. Kg2 Kd4 51. Kxg3 Kc4 52. Kf2 Kxb4 53. Ke2 Kc3 54. Kd1 Kb2 55. Kd2 b4 56. Kd1 b3 57. Kd2 Ka2 0-1


[Site "https://www.chess.com"]

[Event "Titled Tuesday Blitz April 05 Early 2022"]
[White "Ianov, Viktor"]
[Black "Melikhov, Evgeny V."]
[WhiteFideId "14102730"]
[BlackFideId "4122046"]
[WhiteElo "2161"]
[BlackElo "1931"]
[Result "1-0"]
[Round "04"]
[TimeControl "180+1"]
[Date "2022.04.05"]
[WhiteClock "0:01:13"]
[BlackClock "0:00:07"]

1. Nf3 f5 2. g3 Nf6 3. Bg2 g6 4. c4 Bg7 5. Nc3 d6 6. d3 e5 7. Rb1 O-O 8. O-O Nc6 9. b4 Ne7 10. b5 h6 11. a4 g5 12. Ba3 f4 13. Qb3 Be6 14. Nd2 Qe8 15. Nd5 Nexd5 16. cxd5 Bg4 17. Rfe1 Qh5 18. Nf3 Bh3 19. Rbc1 Rf7 20. Rc2 Bxg2 21. Kxg2 Re8 22. a5 b6 23. axb6 axb6 24. Rec1 Ree7 25. Qa4 e4 26. dxe4 Nxe4 27. Bb2 Bxb2 28. Rxb2 Nc5 29. Qc2 g4 30. Nh4 Qxd5+ 31. Kg1 Qe4 32. Ng6 Re6 33. Nxf4 Rxf4 34. gxf4 Qxf4 35. Qc4 Qe5 36. Ra2 h5 37. Ra8+ Kg7 38. e3 Re7 39. Qc3 Ne4 40. Qxe5+ Rxe5 41. Rxc7+ Kg6 42. Rg8+ Kf6 43. Rf8+ Ke6 44. Re8+ Kd5 45. Rxe5+ Kxe5 46. Rc6 Nd2 47. Rxb6 1-0


[Site "https://www.chess.com"]

[Event "Titled Tuesday Blitz April 05 Early 2022"]
[White "Iljin, Timofey"]
[Black "Sahil, Tickoo"]
[WhiteFideId "14110180"]
[BlackFideId "5019710"]
[WhiteElo "2396"]
[BlackElo "2099"]
[Result "1/2-1/2"]
[Round "04"]
[TimeControl "180+1"]
[Date "2022.04.05"]
[WhiteClock "0:00:36"]
[BlackClock "0:00:09"]

1. e4 c5 2. c3 d5 3. exd5 Nf6 4. d4 Nxd5 5. Nf3 e6 6. Bd3 cxd4 7. cxd4 Bb4+ 8. Bd2 Bxd2+ 9. Qxd2 Nc6 10. O-O O-O 11. Nc3 Nce7 12. Ne4 Ng6 13. Neg5 b6 14. Rfe1 Bb7 15. Ne5 Ndf4 16. Nxg6 Nxg6 17. Bxg6 hxg6 18. Qf4 Qd5 19. Qg4 Rfe8 20. Re5 Qxg2+ 21. Qxg2 Bxg2 22. Kxg2 f6 23. Rxe6 fxg5 24. Rxg6 Rad8 25. Rd1 Re4 26. Rxg5 Rexd4 27. Rxd4 Rxd4 28. Re5 Rd2 29. Re8+ Kh7 30. Re7 Rxb2 31. Rxa7 b5 32. Kf3 b4 33. Kg3 b3 34. axb3 Rxb3+ 35. f3 Kh6 36. h4 g6 37. Ra8 Rb1 38. Kg4 Rg1+ 39. Kf4 Rh1 40. Ke5 Kg7 41. Ra7+ Kh6 42. Ra4 Rc1 43. Kf4 Rc5 44. Kg4 Rd5 45. Ra6 Rc5 46. f4 Rf5 47. Ra8 Rc5 48. Rf8 Rc1 49. Rd8 Rg1+ 50. Kf3 Rf1+ 51. Ke4 Re1+ 52. Kf3 Rf1+ 53. Kg3 Rg1+ 54. Kf2 Rb1 55. Rd6 Rb2+ 56. Kg3 Kg7 57. Kg4 Rg2+ 58. Kf3 Rb2 59. f5 gxf5 60. Kf4 Rb4+ 61. Kg5 Rg4+ 62. Kh5 Rg1 63. Rd7+ Kf6 64. Kh6 Ke5 65. h5 f4 66. Re7+ Kd4 67. Kh7 f3 68. h6 f2 69. Rf7 f1=Q 70. Rxf1 Rxf1 71. Kh8 Rg1 72. h7 Ke5 1/2-1/2


[Site "https://www.chess.com"]

[Event "Titled Tuesday Blitz April 05 Early 2022"]
[White "Ilyasli, Ughur"]
[Black "Prado Lobo, Jonas"]
[WhiteFideId "13416197"]
[BlackFideId "32050666"]
[WhiteElo "2045"]
[BlackElo "2214"]
[Result "0-1"]
[Round "04"]
[TimeControl "180+1"]
[Date "2022.04.05"]
[WhiteClock "0:00:05"]
[BlackClock "0:00:17"]

1. d4 Nf6 2. c4 g6 3. Nc3 d5 4. Nf3 Bg7 5. Qb3 c6 6. cxd5 Nxd5 7. Bd2 O-O 8. e4 Nb6 9. Rd1 Bg4 10. Be3 N8d7 11. a4 e5 12. d5 cxd5 13. exd5 e4 14. Nxe4 Re8 15. Nd6 Bxf3 16. Nxe8 Bxd1 17. Qxd1 Qxe8 18. a5 Nc8 19. b4 Qe4 20. Bb5 Qxb4+ 21. Qd2 Qxb5 22. h4 Nd6 23. h5 Nc4 24. Qc2 Qxa5+ 25. Ke2 Nxe3 26. fxe3 Qxd5 27. Kf2 Qf5+ 28. Qxf5 gxf5 29. h6 Bf8 30. Rh5 Re8 31. Rxf5 Bxh6 32. g4 Bxe3+ 33. Kf3 Bb6 34. Rd5 Ne5+ 35. Kf4 Ng6+ 36. Kg5 Re5+ 37. Kh6 Rxd5 38. g5 Rd4 39. Kh5 Rh4# 0-1


[Site "https://www.chess.com"]

[Event "Titled Tuesday Blitz April 05 Early 2022"]
[White "Jakubowska, Anna"]
[Black "Simonovic, Miroslav"]
[WhiteFideId "1121952"]
[BlackFideId "919152"]
[WhiteElo "1924"]
[BlackElo "2043"]
[Result "1-0"]
[Round "04"]
[TimeControl "180+1"]
[Date "2022.04.05"]
[WhiteClock "0:00:18"]
[BlackClock "0:00:01"]

1. e4 c5 2. Nf3 Nc6 3. d4 cxd4 4. Nxd4 e5 5. Nb5 d6 6. c4 Be6 7. N1c3 a6 8. Na3 Rc8 9. Be2 Be7 10. O-O Nf6 11. h3 O-O 12. Be3 Na5 13. b3 b5 14. Nc2 bxc4 15. b4 Nc6 16. Qd2 d5 17. exd5 Nxd5 18. Nxd5 Qxd5 19. Rad1 Rfd8 20. Qc3 Qb5 21. a3 a5 22. bxa5 Qxa5 23. Rxd8+ Rxd8 24. Qxa5 Nxa5 25. Bb6 Rd2 26. Bxa5 Rxc2 27. Bd1 Ra2 28. Bc3 f6 29. f4 Rxa3 30. Bd2 Rd3 31. Bc1 Bd6 32. Be2 Rb3 33. Rd1 Be7 34. fxe5 fxe5 35. Bf3 Rb1 36. Be4 g6 37. Bxb1 Bc5+ 38. Kf1 c3 39. Ke2 Bb3 40. Rd8+ Kf7 41. Rc8 Bd4 42. Be3 Bd5 43. Bxd4 exd4 44. g3 Kf6 45. h4 Ke5 46. Bd3 Bg2 47. Kf2 1-0


[Site "https://www.chess.com"]

[Event "Titled Tuesday Blitz April 05 Early 2022"]
[White "Jaskolka, Tomasz"]
[Black "Bashirli, Saadat"]
[WhiteFideId "1170791"]
[BlackFideId "13429990"]
[WhiteElo "2073"]
[BlackElo "1173"]
[Result "1-0"]
[Round "04"]
[TimeControl "180+1"]
[Date "2022.04.05"]
[WhiteClock "0:00:44"]
[BlackClock "0:01:20"]

1. d4 d5 2. Bf4 c5 3. e3 e6 4. c3 Nc6 5. Nd2 c4 6. b3 cxb3 7. axb3 Nf6 8. Ngf3 Bd6 9. Bg3 O-O 10. Bd3 Qe7 11. Ne5 Bxe5 12. dxe5 Nd7 13. Nf3 f6 14. exf6 Qxf6 15. Qc2 h6 16. O-O e5 17. e4 dxe4 18. Bxe4 Re8 19. Bh4 Qf8 20. Bg6 Re6 21. Rfe1 Nf6 22. Rad1 Qc5 23. b4 Qe7 24. b5 Nd8 25. Rxe5 Rxe5 26. Nxe5 Be6 27. Bh7+ Kh8 28. Ng6+ 1-0


[Site "https://www.chess.com"]

[Event "Titled Tuesday Blitz April 05 Early 2022"]
[White "Khamdamova, Afruza"]
[Black "Jain, Naveen"]
[WhiteFideId "14210444"]
[BlackFideId "5003970"]
[WhiteElo "1660"]
[BlackElo "2036"]
[Result "1-0"]
[Round "04"]
[TimeControl "180+1"]
[Date "2022.04.05"]
[WhiteClock "0:01:17"]
[BlackClock "0:01:35"]

1. e4 d5 2. exd5 Qxd5 3. Nc3 Qd8 4. d4 Nc6 5. Nf3 Bf5 6. d5 Nb4 7. Nd4 Bg6 8. Bb5+ c6 9. dxc6 bxc6 10. Nxc6 Qxd1+ 11. Kxd1 Nxc2 12. Ne5+ Kd8 13. Nxg6 Nxa1 14. Nxh8 f6 15. Be3 a6 16. Ba4 Kc7 17. Ke2 Nh6 18. Bxh6 gxh6 19. Rxa1 Bg7 20. Nf7 Rf8 21. Bb3 e6 22. Bxe6 Re8 23. Nd5+ Kc6 24. Rc1+ Kb5 25. Nd6+ Ka5 26. Rc5+ Ka4 27. Nxe8 Bf8 28. Bd7# 1-0


[Site "https://www.chess.com"]

[Event "Titled Tuesday Blitz April 05 Early 2022"]
[White "Koellner, Ruben Gideon"]
[Black "Noritsyn, Nikolay"]
[WhiteFideId "12993093"]
[BlackFideId "2604922"]
[WhiteElo "2547"]
[BlackElo "2527"]
[Result "1-0"]
[Round "04"]
[TimeControl "180+1"]
[Date "2022.04.05"]
[WhiteClock "0:00:07"]
[BlackClock "0:00:02"]

1. d4 d5 2. Bf4 e6 3. e3 Bd6 4. Bg3 Nf6 5. Nd2 b6 6. c3 Bb7 7. Bd3 Nbd7 8. Ngf3 Qe7 9. Qe2 h5 10. Rd1 Ne4 11. Bxd6 cxd6 12. h4 O-O-O 13. Ba6 Ndf6 14. a4 Bxa6 15. Qxa6+ Qb7 16. Qxb7+ Kxb7 17. Nxe4 Nxe4 18. Ng5 Nxg5 19. hxg5 Rc8 20. Kd2 g6 21. Rh4 Rc4 22. Ra1 Rhc8 23. Kc2 Ka6 24. Kb3 Kb7 25. Rf4 R8c7 26. g4 hxg4 27. Rxg4 Rc8 28. Rh4 Kc7 29. Rh7 Rf8 30. e4 Kd7 31. exd5 exd5 32. f4 Rcc8 33. Rf1 Ke6 34. Re1+ Kd7 35. f5 gxf5 36. g6 Rce8 37. Rxe8 Rxe8 38. Rxf7+ Ke6 39. Rxa7 f4 40. Kc2 Rg8 41. g7 Kf5 42. Kd3 Kg4 43. Ke2 Kg3 44. Rf7 Re8+ 45. Kf1 Rg8 46. Rb7 Kf3 47. Re7 Kg3 48. b4 Kf3 49. Rb7 Kg3 50. a5 bxa5 51. bxa5 Kf3 52. a6 Rc8 53. Rf7 Rb8 54. Kg1 Kg3 55. Kf1 f3 56. Ke1 Kg2 57. Rf8 1-0


[Site "https://www.chess.com"]

[Event "Titled Tuesday Blitz April 05 Early 2022"]
[White "Kokoszczynski, Jan"]
[Black "Muradov, Soltan"]
[WhiteFideId "1174460"]
[BlackFideId "14002108"]
[WhiteElo "2163"]
[BlackElo "1854"]
[Result "1-0"]
[Round "04"]
[TimeControl "180+1"]
[Date "2022.04.05"]
[WhiteClock "0:00:11"]
[BlackClock "0:00:03"]

1. d4 Nf6 2. c4 e6 3. Nc3 Bb4 4. Nf3 Ne4 5. Qc2 d5 6. Bf4 Nxc3 7. bxc3 Bd6 8. Bg5 Be7 9. h4 h6 10. Bxe7 Kxe7 11. e4 c6 12. Bd3 Re8 13. O-O dxe4 14. Bxe4 Kf8 15. Ne5 Nd7 16. g3 Nxe5 17. dxe5 Kg8 18. Rfd1 Qa5 19. Qe2 Qxc3 20. Rab1 Rb8 21. Rb3 Qa5 22. Bc2 Rd8 23. Rxd8+ Qxd8 24. Qe4 g6 25. Rd3 Qe8 26. h5 Bd7 27. Rd6 c5 28. Qd3 Bc6 29. hxg6 fxg6 30. Qxg6+ Qxg6 31. Bxg6 Kg7 32. Rxe6 Rd8 33. f4 Rd2 34. f5 Rg2+ 35. Kf1 Rxg3 36. Re7+ Kf8 37. Rf7+ Kg8 38. Rc7 Re3 39. e6 Kf8 40. Rf7+ Kg8 41. Rc7 Kf8 42. Rh7 h5 43. Kf2 h4 44. Kxe3 1-0


[Site "https://www.chess.com"]